 Dungeon Crawl Stone Soup version 0.28-a0-445-g51f8dfeb47 (webtiles) character file.

Game seed: 12557033006883082538

858 Morbidden the Gusty (level 7, -3/56 HPs)
             Began as a Demigod Air Elementalist on Sept 13, 2021.
             Slain by Ijyb (7 damage)
             ... on level 3 of the Dungeon.
             The game lasted 00:06:49 (5214 turns).

Morbidden the Gusty (Demigod Air Elementalist)      Turns: 5214, Time: 00:06:50

Health: -3/56      AC: -2    Str:  9    XL:     7   Next: 42%
Magic:  8/16       EV: 12    Int: 25    God:
Gold:   166        SH:  0    Dex: 14    Spells: 7/14 levels left

rFire   . . .      SeeInvis .   a - +0 whip (venom)
rCold   . . .      Faith    .   (no shield)
rNeg    . . .      Spirit   .   i - +0 robe
rPois   .          Reflect  .   (no helmet)
rElec   .          Harm     .   (no cloak)
rCorr   .          Rampage  .   (no gloves)
Will    .....                   (no boots)
Stlth   ++........              c - amulet of magic regeneration
HPRegen 0.18/turn               (no ring)
MPRegen 0.40/turn               (no ring)

@: corroded, hasted, very quick
A: high mp 1, forlorn
a: no special abilities


You were on level 3 of the Dungeon.
You visited 1 branch of the dungeon, and saw 4 of its levels.

You collected 166 gold pieces.

Inventory:

Hand Weapons
 a - a +0 whip of venom (weapon)
Missiles
 g - a throwing net
Armour
 i - a +0 robe (worn)
Jewellery
 c - an amulet of magic regeneration (around neck)
 l - a ring of flight
Scrolls
 e - a scroll of magic mapping {unknown}
 f - 5 scrolls of identify {unknown}
 j - a scroll of blinking {unknown}
 k - 3 scrolls of teleportation {unknown}
 m - 2 scrolls of silence {unknown}
Potions
 b - a potion of haste
 d - 2 potions of curing {unknown}
 h - a potion of might {unknown}
 n - a potion of magic {unknown}


   Skills:
 * Level 2.6 Fighting
 * Level 1.9 Dodging
 + Level 2.0 Stealth
 * Level 4.1 Spellcasting
 * Level 4.1 Conjurations
 * Level 5.0 Air Magic


You had 7 spell levels left.
You knew the following spells:

 Your Spells              Type           Power      Damage    Failure   Level
a - Shock                 Conj/Air       100%       1d9       1%          1
b - Static Discharge      Conj/Air       28%        N/A       1%          2
c - Airstrike             Air            15%        N/A       11%         4

Your spell library contained the following spells:

 Spells                   Type           Power      Damage    Failure   Level
 Swiftness                Air            30%        N/A       3%          3
 Summon Small Mammal      Summ           20%        N/A       9%          1
 Call Canine Familiar     Summ           5%         N/A       26%         3
 Gell's Gravitas          Tloc           2%         N/A       26%         3
 Summon Guardian Golem    Hex/Summ       5%         N/A       26%         3
 Teleport Other           Tloc           5%         N/A       26%         3
 Fulminant Prism          Conj/Hex       7%         3d7       36%         4
 Iskenderun's Mystic Bla  Conj/Tloc      15%        2d5       36%         4
 Lee's Rapid Deconstruct  Erth           2%         3d6*      94%         5
 Dispersal                Tloc           2%         N/A       100%        6


Dungeon Overview and Level Annotations

Branches:
Dungeon (4/15)
 Temple: D:4-7

Shops:
D:4 !

Annotations:
D:3 Ijyb


Innate Abilities, Weirdness & Mutations

Your attributes grow dramatically as you level up.
You have an increased reservoir of magic. (+10% MP)
You shall have no god before yourself.


Message History

You see here a +0 leather armour.
Ijyb shouts!
Unknown command.
Casting: Shock (safe; 1% risk of failure)
Confirm with . or Enter, or press ? or * to list all spells.
Aiming: Shock (safe; 1% risk of failure)
Press: ? - help, Shift-Dir - straight line, f - Ijyb
Aim: Ijyb, wielding a +0 dagger, wearing a +0 leather armour and carrying a wand of acid (9) (67% to hit)
The zap hits Ijyb but does no damage.
Ijyb zaps a wand.
The bolt of acid hits you!!!
Ouch! That really hurt!
* * * LOW HITPOINT WARNING * * *
The acid corrodes you!
Unknown command.
It was a potion of haste.
You feel yourself speed up. Ijyb hits you with a +0 dagger.
* * * LOW HITPOINT WARNING * * *
Unknown command.
Unknown command.
Unknown command.
Unknown command.
Casting: Shock (safe; 1% risk of failure)
Confirm with . or Enter, or press ? or * to list all spells.
Aiming: Airstrike (dangerous; 11% risk of failure)
Press: ? - help, Dir - move target, f/p - Ijyb
Aim: Ijyb, wielding a +0 dagger, wearing a +0 leather armour and carrying a wand of acid (8) (empty space bonus: 6/8)
The air twists around and strikes Ijyb!
Ijyb is moderately wounded.
Unknown command.
Unknown command.
Unknown command.
Casting: Airstrike (dangerous; 11% risk of failure)
Confirm with . or Enter, or press ? or * to list all spells.
Aiming: Airstrike (dangerous; 11% risk of failure)
Press: ? - help, Dir - move target, f/p - Ijyb
Aim: Ijyb, wielding a +0 dagger, wearing a +0 leather armour and carrying a wand of acid (8) (moderately wounded, empty space bonus: 6/8)
The air twists around and strikes Ijyb!
Ijyb is severely wounded.
Ijyb hits you with a +0 dagger!
You die...

*,),,* **#..#..#.## #.)..####
*,,,,* #.......#.# #..)....#
*,,,,* #...#..##.# #.##.####
*,,,,**#...#.....# #.#......
*,,,,,.....##.##.## #....###.
*,,,,*.#.#**####..# ###..###.
*,,,,#.#.##### ##.####.......
*,,,,....(...####...##.##.##.
*,,,,......g@##...#.##.......
*,,,,......#.##.###.#####.###
*****<##...#...[# *....)..# #
*,.....###### *#......# #
*.##........####....#.###
*,*#.............)....#..
***#...........)....#*#..
*...###.........#* #..
**#...#.##.##.########


You could see Ijyb.

Vanquished Creatures
  2 ogres
  2 phantoms (D:4)
  A scorpion (D:4)
  A bullfrog zombie (D:3)
  3 hounds (D:4)
  A jelly (D:4)
  Terence (D:2)
  An iguana (D:4)
  Natasha (thrice) (D:1)
  A hound skeleton (D:4)
  8 gnolls
  3 adders
  A worm (D:4)
  A dart slug (D:1)
  An orc (D:4)
  11 ball pythons
  5 bats
  6 endoplasms
  5 giant cockroaches
  8 goblins
  7 hobgoblins
  5 jackals
  6 quokkas
  2 frilled lizards
  12 kobolds
  4 rats
101 creatures vanquished.

Notes
Turn   | Place    | Note
-------+----------+-------------------------------------------
     0 | D:1      | Morbidden the Demigod Air Elementalist began the quest for
                  | the Orb.
     0 | D:1      | Reached XP level 1. HP: 14/14 MP: 5/5
   214 | D:1      | Reached skill level 1 in Conjurations
   605 | D:1      | Reached skill level 3 in Air Magic
   605 | D:1      | Reached XP level 2. HP: 17/20 MP: 0/7
   931 | D:1      | Learned a level 2 spell: Static Discharge
  1548 | D:2      | Reached XP level 3. HP: 26/26 MP: 4/8
  1582 | D:2      | Noticed Natasha
  1592 | D:1      | Killed Natasha
  1650 | D:1      | Noticed Natasha
  1818 | D:1      | Killed Natasha
  1819 | D:1      | Reached XP level 4. HP: 34/34 MP: 7/10
  1967 | D:1      | Noticed Natasha
  1974 | D:1      | Killed Natasha
  2252 | D:2      | Noticed Terence
  2260 | D:2      | Killed Terence
  2262 | D:2      | Reached XP level 5. HP: 30/39 MP: 1/12
  2289 | D:2      | Learned a level 4 spell: Airstrike
  3157 | D:3      | Noticed an ogre
  3162 | D:3      | Killed an ogre
  3163 | D:3      | Reached skill level 1 in Fighting
  3205 | D:3      | Reached skill level 4 in Air Magic
  3298 | D:3      | Reached XP level 6. HP: 47/47 MP: 8/14
  3596 | D:3      | Noticed Ijyb
  3942 | D:4      | Found Kupraqud's Distillery.
  4067 | D:4      | Reached XP level 7. HP: 36/55 MP: 6/16
  4731 | D:4      | Reached skill level 5 in Air Magic
  5214 | D:3      | Slain by Ijyb

Illustrated notes

Levels and vault maps discovered:
D:1:      minmay_arrival_four_loops, layout_loops_ring,
          shapermc_ecumenical_altar_petra
D:2:      layout_rooms, basic_altar, uniq_natasha, uniq_terence
D:3:      layout_basic, uniq_ijyb
D:4:      layout_loops_ring, serial_shops, kennysheep_little_box

Skill      XL: |  1  2  3  4  5  6  7 |
---------------+----------------------+-----
Conjurations   | 1 2 3 4 |  4.1
Spellcasting   | 2 3 4 |  4.1
Air Magic      | 3 4 5 |  5.0
Stealth        | 2 |  2.0
Fighting       | 1 2 |  2.6
Dodging        | |  1.9

Action                   |  1- 3 |  4- 6 |  7- 9 || total
-------------------------+-------+-------+-------++-------
Melee: Unarmed           |     9 |       |       ||     9
 Cast: Shock             |    66 |   138 |    33 ||   237
       Static Discharge  |     2 |    15 |     6 ||    23
       Airstrike         |       |     2 |     5 ||     7
  Use: Potion            |       |       |     1 ||     1
Armor: Robe              |     5 |     3 |       ||     8
Dodge: Dodged            |    22 |    20 |    11 ||    53

Table legend: (Time is in decaauts)
 A = Elapsed time spent in this place.
 B = Non-inter-level travel time spent in this place.
 C = Inter-level travel time spent in this place.
 D = Time resting spent in this place.
 E = Time spent auto-exploring this place.
 F = Levels seen in this place.
 G = Mean time per level.
                   A        B        C        D        E       F      G
               +--------+--------+--------+--------+--------+-----+--------+
         Total |   5225 |   5060 |    165 |    690 |   3739 |   4 | 1306.2 |
       Dungeon |   5225 |   5060 |    165 |    690 |   3739 |   4 | 1306.2 |
               +--------+--------+--------+--------+--------+-----+--------+

Top non-repeatable levels by time:
     D:1: 2559 daAuts
     D:4: 1191 daAuts
     D:3: 893 daAuts
     D:2: 580 daAuts
